 Dungeon Crawl Stone Soup version 0.18.1-50-g88ac8fd (webtiles) character file.

1603 Gorglomux the Covert (level 8, -1/42 HPs)
             Began as a Vine Stalker Assassin on Oct 30, 2016.
             Was a Follower of Dithmenos.
             Slain by an ogre
             ... wielding a +0 giant club
              (11 damage)
             ... on level 6 of the Dungeon.
             The game lasted 00:22:26 (6296 turns).

Gorglomux the Covert (Vine Stalker Assassin)        Turns: 6296, Time: 00:22:27

Health: -1/42      AC:  5    Str: 13    XL:     8   Next: 94%
Magic:  0/9        EV: 12    Int: 11    God:    Dithmenos [*.....]
Gold:   140        SH:  0    Dex: 19    Spells: 0 memorised, 7 levels left

rFire  . . .     SeeInvis .     a - +0 dagger (venom)
rCold  . . .     Gourm    .     c - +0 robe
rNeg   . . .     Faith    .     (no shield)
rPois  .         Spirit   +     (no helmet)
rElec  .         Dismiss  .     E - +1 cloak
rCorr  .         Reflect  .     (no gloves)
SustAt .         Harm     .     A - +0 pair of boots
MR     +....                    y - amulet of magic regeneration
Stlth  +++++.....               (no ring)
                                (no ring)

@: wreathed by umbra, somewhat resistant to hostile enchantments, quite stealthy
A: fangs 3, regeneration 2, magic shield, antimagic bite, no device heal 3, rot
immunity
a: Renounce Religion


You were on level 6 of the Dungeon.
You worshipped Dithmenos.
Dithmenos was aware of your devotion.
You were not hungry.

You visited 2 branches of the dungeon, and saw 7 of its levels.

You collected 311 gold pieces.
You spent 171 gold pieces at shops.

Inventory:

Hand Weapons
 a - a +0 dagger of venom (weapon)
 b - a +0 blowgun
 k - a +2 dagger
Missiles
 e - 11 poisoned needles
 f - a curare-tipped needle
Armour
 c - a +0 robe (worn)
 d - a +0 cloak
 A - a +0 pair of boots (worn)
 E - a +1 cloak (worn)
Jewellery
 y - an amulet of magic regeneration (around neck)
Wands
 F - a wand of flame (29/48)
 L - a wand of paralysis (14/24)
Scrolls
 h - 4 scrolls of fear {unknown}
 i - a scroll of enchant weapon {unknown}
 n - 6 scrolls of identify {unknown}
 p - 5 scrolls of remove curse {unknown}
 r - a scroll of amnesia {unknown}
 t - 2 scrolls of noise {unknown}
 u - 2 scrolls of immolation {unknown}
 v - a scroll of blinking {unknown}
 w - a scroll of teleportation {unknown}
 G - 3 scrolls of enchant armour {unknown}
 H - a scroll of recharging {unknown}
 K - a scroll of magic mapping {unknown}
Potions
 l - a potion of flight {unknown}
 m - 3 potions of curing {unknown}
 o - a potion of cancellation {unknown}
 q - a potion of degeneration {unknown}
 s - a potion of haste {unknown}
 x - a potion of agility {unknown}
 z - a potion of magic {unknown}
 C - a potion of cure mutation {unknown}
 D - 3 potions of heal wounds {unknown}
 I - a potion of ambrosia {unknown}
 J - a potion of lignification {unknown}
Comestibles
 g - 4 bread rations
 j - 4 meat rations
 B - 7 chunks of flesh


   Skills:
 - Level 4.1 Fighting
 - Level 5.0 Short Blades
 + Level 5.5 Throwing
 - Level 0.7 Dodging
 + Level 9.6 Stealth


You had 7 spell levels left.
You didn't know any spells.

Dungeon Overview and Level Annotations

Branches:
Dungeon (6/15)             Temple (1/1) D:5

Altars:
Ashenzari
Cheibriados
Dithmenos
Elyvilon
Kikubaaqudgha
Makhleb
Okawaru
Pakellas
Sif Muna
Vehumet
Zin
The Shining One

Shops:
D:5 =   D:6 *

Annotations:
D:5 3 exclusions, Neder's ghost, novice DsFi


Innate Abilities, Weirdness & Mutations

You have razor-sharp teeth.
You heal very quickly.
When hurt, damage is shared between your health and your magic reserves.
Your bite disrupts and absorbs the magic of your enemies.
Potions and wands cannot restore your health.
You are immune to rotting.


Message History

You hit the ogre but do no damage. You bite the ogre, but do no damage.
The ogre is moderately wounded.
You hit the ogre. You bite the ogre. You drain its power.
You feel invigorated.
The ogre is heavily wounded.
The ogre hits you with a giant club! The orc barely misses you.
You closely miss the orc. You bite the orc, but do no damage.
The orc is heavily wounded.
The ogre hits you with a giant club. The orc hits you with a flail.
* * * LOW HITPOINT WARNING * * *
You closely miss the orc. Your bite misses the orc.
The orc is severely wounded.
Drink which item? (? for menu, Esc to quit)
Okay, then.
You barely miss the orc. You bite the orc. You drain its power.
You feel invigorated.
The orc is almost dead.
You kill the orc!
Dithmenos accepts your kill. The ogre hits you with a giant club!
You die...

#.......#.## #.###.####
#.......### #........#
#######...## #####.##..
#.###.#### #.....
######### #.# #.)..#
####..
#.......####.###.##.####
#..
#.#####................#
### ###
#######)##.##.##.#
#..@.##.##.##.#
###O.##.##.##.#
...##(##.##.#
...###.††....# #...#
####.#### #...# #.#
#...# #.# #...# #.# #.#


You could see an ogre.

Vanquished Creatures
  A sky beast (D:5)
  A black bear (D:5)
  An orc warrior (D:6)
  A phantom (D:5)
  3 ogres
  A centaur (D:6)
  A scorpion (D:5)
  A howler monkey (D:5)
  A quasit (D:5)
  3 orc priests
  Crazy Yiuf (D:4)
  2 iguanas
  9 orc wizards
  2 worker ants
  9 gnolls
  6 adders
  A shadow imp (D:5)
  2 oozes
  An adder zombie (D:5)
  4 worms
  2 dart slugs (D:3)
  5 giant geckos
  30 orcs
  8 bats
  8 giant cockroaches
  8 goblins
  4 hobgoblins
  10 jackals
  6 quokkas
  A giant gecko skeleton (D:4)
  8 giant newts
  6 kobolds
  2 quokka skeletons
  6 rats
155 creatures vanquished.

Notes
Turn   | Place    | Note
--------------------------------------------------------------
     0 | D:1      | Gorglomux the Vine Stalker Assassin began the quest for the Orb.
     0 | D:1      | Reached XP level 1. HP: 11/11 MP: 2/2
    80 | D:1      | Reached skill level 5 in Stealth
   134 | D:1      | Reached XP level 2. HP: 15/15 MP: 3/3
   667 | D:1      | Reached XP level 3. HP: 18/18 MP: 2/4
  1113 | D:2      | Reached XP level 4. HP: 21/23 MP: 5/5
  1177 | D:2      | Reached skill level 6 in Stealth
  1780 | D:3      | Reached XP level 5. HP: 18/26 MP: 4/6
  2120 | D:3      | Found an oddly glowing altar of Pakellas.
  2919 | D:3      | Found a glowing golden altar of the Shining One.
  2920 | D:3      | Found a snail-covered altar of Cheibriados.
  3101 | D:4      | Found an ancient bone altar of Kikubaaqudgha.
  3111 | D:4      | Reached skill level 7 in Stealth
  3215 | D:4      | Gained mutation: You heal very quickly. [Vine Stalker growth]
  3215 | D:4      | Reached XP level 6. HP: 30/30 MP: 7/7
  3798 | D:4      | Noticed a phantom
  4196 | D:4      | Noticed Crazy Yiuf
  4226 | D:4      | Killed Crazy Yiuf
  4347 | D:4      | Reached skill level 5 in Short Blades
  4347 | D:4      | Reached skill level 8 in Stealth
  4347 | D:4      | Reached XP level 7. HP: 34/34 MP: 8/8
  4561 | D:5      | Entered Level 5 of the Dungeon
  4908 | D:5      | Gained mutation: You have razor-sharp teeth. [Vine Stalker growth]
  4908 | D:5      | Reached XP level 8. HP: 33/42 MP: 7/9
  5102 | D:5      | Found a staircase to the Ecumenical Temple.
  5112 | Temple   | Entered the Ecumenical Temple
  5129 | Temple   | Became a worshipper of Dithmenos the Shadowed
  5223 | D:5      | Noticed Neder's ghost (novice DsFi)
  5233 | D:5      | Found Zuclijun's Jewellery Emporium.
  5945 | D:5      | Reached skill level 5 in Throwing
  5945 | D:5      | Reached skill level 9 in Stealth
  6029 | D:6      | Reached * piety under Dithmenos
  6102 | D:6      | Found Honut's Assorted Antiques.
  6124 | D:6      | Bought a scroll labeled ULUIRE ERENOBE for 29 gold pieces
  6124 | D:6      | Bought a scroll labeled ULUIRE ERENOBE for 29 gold pieces
  6124 | D:6      | Bought a scroll labeled RUJUB PERILESA for 29 gold pieces
  6124 | D:6      | Bought a scroll labeled RUJUB PERILESA for 29 gold pieces
  6124 | D:6      | Bought a smoky blue potion for 26 gold pieces
  6124 | D:6      | Bought a scroll labeled MUEDDOGEVA for 29 gold pieces
  6296 | D:6      | Slain by an ogre

Skill      XL: |  1  2  3  4  5  6  7  8 |
---------------+-------------------------+-----
Short Blades   | 2 3 4 5 |  5.0
Stealth        | 5 6 7 8 9 |  9.6
Fighting       | 3 4 |  4.1
Throwing       | 3 5 |  5.5
Dodging        | |  0.7

Action                   |  1- 3 |  4- 6 |  7- 9 || total
-------------------------+-------+-------+-------++-------
Melee: Dagger            |    47 |   105 |   148 ||   300
       Bite              |     7 |    41 |    57 ||   105
 Fire: Blowgun           |    42 |   124 |    73 ||   239
Throw: Tomahawk          |       |       |     2 ||     2
Evoke: Wand              |       |       |     2 ||     2
 Stab: Sleeping          |     6 |     9 |     6 ||    21
       Distracted        |       |     2 |     1 ||     3
  Eat: Chunk             |       |     9 |     6 ||    15
       Beef jerky        |       |     1 |       ||     1
Armor: Robe              |     8 |    25 |    44 ||    77
Dodge: Dodged            |    22 |    71 |   110 ||   203
